 Dungeon Crawl Stone Soup version 0.31-a0-1-g4198be8af4 (webtiles) character file.

Game seed: 2509983117557157600

13680 Adrian566 the Unseen (level 11, -10/120 HPs)
             Began as a Vampire Gladiator on Apr 30, 2023.
             Was an Initiate of Gozag.
             Mangled by an orc knight
             ... wielding a +0 glaive
              (21 damage)
             ... on level 1 of the Orcish Mines.
             The game lasted 00:16:40 (10832 turns).

Adrian566 the Unseen (Vampire Gladiator)           Turns: 10832, Time: 00:16:41

Health: -10/120    AC: 13    Str: 17    XL:     11   Next: 78%
Magic:  11/11      EV:  2    Int: 10    God:    Gozag
Gold:   1070       SH: 21    Dex: 24    Spells: 10/10 levels left

rFire   + + .        r - +5 quick blade of Amorality {freeze, Fragile rElec rN+ Dex+5}
rCold   + + .        m - +3 tower shield {rC+ rF+}
rNeg    + . .        j - melded +4 skin of Zhor {*Englaciate rC+++ SInv}
rPois   +            c - melded +0 helmet
rElec   +            o - melded +0 cloak
rCorr   +            q - melded +0 pair of gloves
SInv    +            k - melded +0 pair of boots
Will    +....        (no amulet)
Stlth   +++++++      (no ring)
HPRegen 0.60/turn    (no ring)
MPRegen 0.12/turn

%: no passive effects
@: mighty, tree-form, resistant, corroded, healing quickly
A: stationary, stasis, torment immunity, boosted hp, alive, (fangs 3), see
invisible, vampiric 2, (large bone plates 1), strong 1, subdued magic 1
a: Exsanguinate, End Transformation, Renounce Religion, Potion Petition, Call
Merchant, Bribe Branch


You were on level 1 of the Orcish Mines.
You worshipped Gozag.
Gozag was most pleased with you.
You were a tree.
You visited 3 branches of the dungeon, and saw 12 of its levels.
You also visited: Sewer.

You collected 2310 gold pieces.
You spent 150 gold pieces at shops.
You paid 1090 gold pieces to Gozag.

Inventory:

Hand Weapons
 l - a +2 short sword of freezing
 n - a +2 vampiric rapier
 r - the +5 quick blade of Amorality (weapon) {freeze, Fragile rElec rN+ Dex+5}
   (You acquired it on level 9 of the Dungeon)

   Dex:       It affects your dexterity (+5).
   rElec:     It insulates you from electricity.
   rN:        It protects you from negative energy.
   Fragile:   It will be destroyed if unequipped.
Missiles
 d - 5 throwing nets (quivered)
 e - 3 javelins
Armour
 c - a +0 helmet (melded)
 j - the +4 skin of Zhor (melded) {*Englaciate rC+++ SInv}
   (You found it on level 2 of the Dungeon)

   *Englaciate: It radiates cold, occasionally slowing all nearby creatures who
   are not resistant to cold.
   rC:        It renders you almost immune to cold.
   SInv:      It lets you see invisible.
 k - a +0 pair of boots (melded)
 m - a +3 tower shield of resistance (worn)
 o - a +0 cloak (melded)
 q - a +0 pair of gloves (melded)
Jewellery
 D - a ring of positive energy
Wands
 f - a wand of flame (7)
 u - a wand of charming (4)
 v - a wand of acid (5)
 y - a wand of roots (4)
Scrolls
 a - 3 scrolls of magic mapping
 h - 4 scrolls of silence
 i - 2 scrolls of amnesia
 p - 3 scrolls of fog
 s - a scroll of teleportation
 t - a scroll of butterflies
 C - 2 scrolls of identify
Potions
 b - a potion of mutation
 g - 2 potions of flight
 z - a potion of brilliance
 A - 2 potions of magic


   Skills:
 + Level 5.2 Fighting
 + Level 10.1 Short Blades
 + Level 1.7 Throwing
 + Level 0.7 Armour
 + Level 8.7 Dodging
 * Level 15.6 Stealth
 + Level 9.3 Shields


You had 10 spell levels left.
You didn't know any spells.
Your spell library contained the following spells:

 Spells                   Type           Power      Damage    Failure   Level
 Magic Dart               Conj           0%         1d3       89%         1
 Call Imp                 Summ           0%         N/A       96%         2
 Cigotuvi's Dreadful Rot  Necr/Pois/Air  0%         N/A       96%         2
 Sublimation of Blood     Necr           0%         N/A       96%         2
 Wereblood                Tmut           0%         N/A       96%         2
 Ignite Poison            Fire/Tmut/Pois 0%         N/A       99%         3
 Mephitic Cloud           Conj/Pois/Air  0%         N/A       99%         3
 Passage of Golubria      Tloc           0%         N/A       100%        4
 Freezing Cloud           Conj/Ice/Air   0%         6-21      100%        5
 Silence                  Hex/Air        0%         N/A       100%        5
 Summon Hydra             Summ           0%         N/A       100%        7
 Lehudib's Crystal Spear  Conj/Erth      0%         10d2      100%        8


Dungeon Overview and Level Annotations

Branches:
Dungeon (9/15)             Temple (1/1) D:4             Orc (2/2) D:9
  Sewer (visited)
   Lair: D:8-11         Elf: Orc:2

Altars:
Ashenzari
Cheibriados
Dithmenos
Fedhas
Gozag
Hepliaklqana
Kikubaaqudgha
Makhleb
Nemelex Xobeh
Okawaru
Qazlal
Ru
Sif Muna
Trog
Uskayaw
Vehumet
Wu Jian
Xom
Yredelemnul

Shops:
D:2 [   D:3 =   D:9 [   Orc:1 [

Annotations:
Temple 4 transporters


Innate Abilities, Weirdness & Mutations

You are a tree.
Your roots penetrate the ground, keeping you stationary.
You cannot be teleported.
You are immune to unholy pain and torment.
Your maximum health is greatly increased.
Your equipment is partially melded.
Your natural rate of healing is accelerated.
((You have razor-sharp teeth.))
You have supernaturally acute eyesight. (SInv)
You are afflicted with vampirism and can become a bat while bloodless.
((You are partially covered in large bone plates. (SH +4)))
Your muscles are strong. (Str +4, Int/Dex -1)
Your spells are a little easier to cast, but a little less powerful.


Message History

The orc knight is heavily wounded.
The orc knight hits you with a +0 glaive!
* * * LOW HITPOINT WARNING * * *
You hit the orc knight but do no damage.
The orc knight is heavily wounded. [a] - 391 gold - lignification, might and resistance [b] - 320 gold - heal wounds, curing and magic [c] - 560 gold - haste and resistance Purchase which effect?
You turn into a tree.
Your +0 cloak melds into your body.
Your +0 helmet melds into your body.
Your +0 pair of gloves melds into your body.
Your +0 pair of boots melds into your body.
The +4 skin of Zhor {*Englaciate rC+++ SInv} melds into your body.
Your roots penetrate the ground.
You feel very mighty all of a sudden.
You feel protected. You block the orc knight's attack.
You hit the orc knight. You freeze the orc knight.
The orc knight is heavily wounded.
You hit the orc knight. You freeze the orc knight.
The orc knight is severely wounded.
You hit the orc knight but do no damage.
The orc knight is severely wounded.
You block the orc knight's attack.
You hit the orc knight but do no damage.
The orc knight is heavily wounded.
You hit the orc knight but do no damage.
The orc knight is heavily wounded.
The orc knight hits you with a +0 glaive.
* * * LOW HITPOINT WARNING * * *
You hit the orc knight but do no damage.
The orc knight is heavily wounded.
You closely miss the orc knight.
The orc knight is heavily wounded.
The orc knight is no longer moving slowly.
You puncture the orc knight! You freeze the orc knight.
The orc knight is severely wounded.
The orc knight hits you with a +0 glaive!!
You die...
Your body crumbles into a pile of gold.

### ### ##.##
###.###...#
##.#..###.##
##..........#
##.....[.....#
#....$♣o....##
###....)[[.....##
##...............##
##.................##
#...........#.......##
####.......#.........#
##.............#..##
#####
#.............##...#
##.#.#
##...........####.##


You could see an orc knight.

Vanquished Creatures
  Erolcha (Orc:2)
  2 two-headed ogres (D:9)
  3 orc high priests
  4 orc knights (Orc:1)
  2 trolls
  2 hornets (D:8)
  A shadow (D:9)
  A steam dragon (D:9)
  8 yaks
  A warg (Orc:1)
  3 water moccasins
  An acid dragon (D:9)
  Duvessa (D:5)
  Pargi (Sewer)
  2 ice beasts
  16 orc warriors
  4 black bears
  3 sky beasts (D:7)
  5 ogres
  4 centaurs (D:9)
  2 phantoms
  A kobold brigand (D:7)
  A bullfrog (D:7)
  Blork the orc (D:5)
  A gnoll sergeant (D:7)
  3 scorpions
  7 wights
  Dowan (D:5)
  A howler monkey (D:6)
  21 orc priests
  Crazy Yiuf (D:3)
  4 hounds
  2 jellies (D:5)
  2 sleepcaps
  Jessica (D:3)
  Terence (D:3)
  2 iguanas (D:6)
  6 orc wizards
  5 gnolls (D:7)
  5 adders
  2 shadow imps
  2 white imps
  3 ufetubi
  A worm (D:2)
  2 dart slugs (D:1)
  52 orcs
  5 ball pythons
  7 endoplasms
  11 giant cockroaches
  8 goblins
  12 hobgoblins
  4 jackals (D:3)
  6 quokkas
  3 bats
  3 frilled lizards
  15 kobolds
  7 rats
276 creatures vanquished.

Vanquished Creatures (others)
  A hound (D:6)
  7 plants (D:6)
  2 toadstools (D:1)
10 creatures vanquished.

Grand Total: 286 creatures vanquished

Notes
Turn   | Place    | Note
-------+----------+-------------------------------------------
     0 | D:1      | Adrian566 the Vampire Gladiator began the quest for the
                  | Orb.
     0 | D:1      | Reached XP level 1. HP: 16/16 MP: 1/1
   135 | D:1      | Reached skill level 1 in Stealth
   135 | D:1      | Reached XP level 2. HP: 22/22 MP: 2/2
   726 | D:1      | Gained mutation: You are afflicted with vampirism and can
                  | become a bat while bloodless. [Vampire growth]
   726 | D:1      | Reached XP level 3. HP: 27/27 MP: 3/3
   883 | D:1      | Reached skill level 2 in Stealth
  1095 | D:2      | Found the +4 skin of Zhor {*Englaciate rC+++ SInv}
  1352 | D:2      | Found a faded altar of an unknown god.
  1481 | D:2      | Found Yruhur's Antique Armour Shoppe.
  1495 | D:2      | Reached skill level 3 in Stealth
  1499 | D:2      | Bought a runed tower shield for 150 gold pieces
  1535 | D:3      | Noticed Terence
  1557 | D:3      | Killed Terence
  1558 | D:3      | Reached XP level 4. HP: 27/33 MP: 4/4
  1639 | D:3      | Noticed a black bear
  1653 | D:3      | Killed a black bear
  1654 | D:3      | Reached skill level 5 in Stealth
  1654 | D:3      | Reached XP level 5. HP: 38/38 MP: 5/5
  1696 | D:3      | Noticed Jessica
  1699 | D:3      | Killed Jessica
  1803 | D:3      | Found a runed translucent door.
  1804 | D:3      | Noticed Crazy Yiuf
  1826 | D:3      | Found Qein's One-of-a-Kind Rings.
  1891 | D:3      | Found a sparkling altar of Nemelex Xobeh.
  2560 | D:3      | Killed Crazy Yiuf
  2561 | D:3      | Reached skill level 6 in Stealth
  2763 | D:4      | Noticed an ogre
  2785 | D:5      | Entered Level 5 of the Dungeon
  2830 | D:4      | Killed an ogre
  2831 | D:4      | Reached XP level 6. HP: 44/44 MP: 6/6
  2846 | D:4      | Found a glowing drain.
  2875 | Sewer    | Entered a sewer
  2895 | Sewer    | Reached skill level 7 in Stealth
  2958 | Sewer    | Reached skill level 1 in Shields
  2998 | Sewer    | Noticed Pargi
  3020 | Sewer    | Killed Pargi
  3021 | Sewer    | Reached skill level 5 in Short Blades
  3022 | Sewer    | Gained mutation: Your spells are a little easier to cast,
                  | but a little less powerful. [potion of mutation]
  3022 | Sewer    | Gained mutation: Your muscles are strong. (Str +4, Int/Dex
                  | -1) [potion of mutation]
  3022 | Sewer    | Gained mutation: You are partially covered in large bone
                  | plates. (SH +4) [potion of mutation]
  3297 | D:4      | Found a staircase to the Ecumenical Temple.
  3439 | D:4      | Found a basalt altar of Yredelemnul.
  3767 | Temple   | Entered the Ecumenical Temple
  3767 | Temple   | Found a transporter.
  3767 | Temple   | Found a transporter.
  3769 | Temple   | Found a transporter.
  3769 | Temple   | Found a transporter.
  3795 | Temple   | Became a worshipper of Gozag Ym Sagoz the Greedy
  3857 | D:5      | Noticed a water moccasin
  3860 | D:5      | Reached XP level 7. HP: 50/50 MP: 7/7
  3930 | D:5      | Reached skill level 8 in Stealth
  3964 | D:5      | Noticed Blork the orc
  4051 | D:5      | Killed Blork the orc
  4127 | D:5      | Noticed Dowan
  4128 | D:5      | Noticed Duvessa
  4272 | D:5      | Killed Duvessa
  4273 | D:5      | Reached XP level 8. HP: 12/57 MP: 8/8
  4282 | D:5      | Killed Dowan
  4283 | D:5      | Reached skill level 5 in Dodging
  4661 | D:5      | Reached skill level 9 in Stealth
  5043 | D:6      | Reached skill level 10 in Stealth
  5291 | D:6      | Reached XP level 9. HP: 62/62 MP: 9/9
  5370 | D:6      | Reached skill level 5 in Shields
  6160 | D:7      | Reached skill level 11 in Stealth
  6600 | D:8      | Found an iron altar of Okawaru.
  6938 | D:8      | Paralysed by a hornet for 1 turns
  7282 | D:8      | Reached skill level 12 in Stealth
  7306 | D:8      | Reached XP level 10. HP: 71/71 MP: 10/10
  7733 | D:9      | Noticed a two-headed ogre
  7752 | D:9      | Killed a two-headed ogre
  7846 | D:9      | Identified a scroll of acquirement
  7848 | D:9      | Acquired the +5 quick blade of Amorality {freeze, Fragile
                  | rElec rN+ Dex+5}
  7987 | D:9      | Noticed a two-headed ogre
  8001 | D:9      | Killed a two-headed ogre
  8002 | D:9      | Reached skill level 13 in Stealth
  8089 | D:9      | Found Coypnip's Armour Shoppe.
  8092 | D:9      | Found a staircase to the Orcish Mines.
  8432 | D:9      | Found an ancient bone altar of Kikubaaqudgha.
  8682 | Orc:1    | Entered Level 1 of the Orcish Mines
  8682 | Orc:1    | Found Peisatt's Armour Emporium.
  8690 | Orc:1    | Reached skill level 14 in Stealth
  8846 | Orc:1    | Reached XP level 11. HP: 60/70 MP: 11/11
  8965 | Orc:2    | Entered Level 2 of the Orcish Mines
  9083 | Orc:2    | Noticed Erolcha
  9127 | Orc:2    | Noticed an orc knight
  9182 | Orc:1    | Killed an orc knight
  9254 | Orc:2    | Noticed an orc high priest
  9277 | Orc:2    | Killed an orc high priest
  9415 | Orc:2    | Noticed an orc knight
  9572 | Orc:1    | Killed an orc knight
  9749 | Orc:2    | Reached skill level 15 in Stealth
  9821 | Orc:2    | Noticed an orc high priest
  9826 | Orc:2    | Noticed a sixfirhy
  9826 | Orc:2    | Noticed a soul eater
  9827 | Orc:2    | Noticed an orc knight
  9827 | Orc:2    | Noticed an orc knight
  9829 | Orc:2    | Noticed an orc knight
  9967 | Orc:2    | Killed an orc high priest
  9997 | Orc:2    | Noticed an orc knight
 10004 | Orc:2    | Noticed an orc knight
 10004 | Orc:2    | Noticed an orc high priest
 10185 | Orc:1    | Killed an orc knight
 10186 | Orc:1    | Reached skill level 5 in Fighting
 10186 | Orc:1    | Reached skill level 10 in Short Blades
 10337 | Orc:1    | Killed an orc knight
 10481 | Orc:2    | Killed Erolcha
 10509 | Orc:2    | Noticed a soul eater
 10793 | Orc:1    | Killed an orc high priest
 10832 | Orc:1    | Mangled by an orc knight

Illustrated notes

Levels and vault maps discovered:
D:1:      spicycebolla_arrival_clurvy, layout_basic, minmay_misc_feat_x,
          minmay_misc_feat_five, minmay_misc_feat_tower,
          minmay_gold_behind_fungi, amethyst_killhole, minmay_worlds_worst_comb
D:2:      minmay_diamond_boxcup, layout_rooms,
          hellmonk_ecumenical_altar_run_dry, serial_shops, shop
D:3:      layout_basic, mainiacjoe_overflow_small_starburst,
          nicolae_shop_unique_rings, uniq_jessica, uniq_terence,
          uniq_crazy_yiuf_cottage
D:4:      layout_cave_pods, kennysheep_ying_yang, minmay_temple_entry_trees,
          portal_sewer_entry_f, minmay_fountain_box,
          minmay_misc_feat_more_columns, minmay_liquid_box,
          minmay_goblin_outpost
D:5:      layout_cave_pools, uniq_blork_the_orc, uniq_duvessa
D:6:      layout_rooms, serial_bayou_pond_c
D:7:      layout_gridville, nrook_uturn
D:8:      layout_basic, okawaru_metal_pillars_1_2, chequers_jeans
D:9:      layout_gridville, mainiacjoe_overflow_cross_hatched, orc_david_3
Temple:   hellmonk_temple_divided_pantheon
Orc:1:    layout_diamond_mine, serial_shops, nicolae_shop_tiny_statue_garden
Orc:2:    st_orc_pillars, layout_caves, portal_ice_cave_entry_pillars_2,
          uniq_erolcha

Skill      XL: |  1  2  3  4  5  6  7  8  9 10 11 |
---------------+----------------------------------+-----
Stealth        | 1 3 5 6 7 8 10 12 14 15 | 15.6
Fighting       | 2 3 4 5 |  5.2
Short Blades   | 4 5 6 7 8 9 10 | 10.1
Dodging        | 4 5 6 7 8 |  8.7
Shields        | 1 3 4 6 7 9 |  9.3
Throwing       | |  1.7
Armour         | |  0.7

Action                     |  1- 3 |  4- 6 |  7- 9 | 10-12 || total
---------------------------+-------+-------+-------+-------++-------
  Melee: Rapier            |    77 |   141 |   486 |    46 ||   750
         Bite              |     9 |     8 |    64 |   138 ||   219
         Short sword       |    29 |       |       |       ||    29
         Quick blade       |       |       |       |   717 ||   717
  Throw: Throwing net      |       |       |     1 |       ||     1
 Invoke: Potion Petition   |       |       |       |     3 ||     3
Ability: Exsanguinate      |       |       |       |     1 ||     1
         Revivify          |       |       |       |     1 ||     1
    Use: Scroll            |       |     6 |     7 |     5 ||    18
         Potion            |       |     4 |     7 |     3 ||    14
   Stab: Sleeping          |    10 |    21 |     8 |    12 ||    51
         Invisible         |       |       |     8 |       ||     8
         Distracted        |       |       |     4 |     8 ||    12
 Armour: Leather armour    |    21 |       |       |       ||    21
         Animal skin       |     4 |    47 |    82 |    16 ||   149
         Skin              |       |       |    10 |       ||    10
  Dodge: Dodged            |    46 |    45 |   123 |    80 ||   294
  Block: Tower shield      |     7 |   121 |   508 |   463 ||  1099

Table legend: (Time is in decaauts)
 A = Elapsed time spent in this place.
 B = Non-inter-level travel time spent in this place.
 C = Inter-level travel time spent in this place.
 D = Time resting spent in this place.
 E = Time spent auto-exploring this place.
 F = Levels seen in this place.
 G = Mean time per level.
                   A        B        C        D        E       F      G
               +--------+--------+--------+--------+--------+-----+--------+
         Total |  10711 |  10259 |    452 |    568 |   6915 |  13 |  823.9 |
       Dungeon |   8685 |   8283 |    402 |    568 |   5782 |   9 |  965.0 |
        Temple |     46 |     29 |     17 |      0 |      6 |   1 |   46.0 |
  Orcish Mines |   1803 |   1770 |     33 |      0 |   1030 |   2 |  901.5 |
         Sewer |    175 |    175 |      0 |      0 |     96 |   1 |  175.0 |
               +--------+--------+--------+--------+--------+-----+--------+

Top non-repeatable levels by time:
     D:4: 1217 daAuts
   Orc:1: 1115 daAuts
     D:8: 1107 daAuts
     D:1: 1096 daAuts
     D:3: 1088 daAuts
     D:5: 999 daAuts
     D:9: 984 daAuts
     D:7: 898 daAuts
     D:6: 855 daAuts
   Orc:2: 688 daAuts
     D:2: 437 daAuts
   Sewer: 175 daAuts
  Temple: 46 daAuts
